 Dungeon Crawl Stone Soup version 0.21.1-1-g345015f (webtiles) character file.

205 diana the Slasher (level 5, -4/47 HPs)
             Began as a Draconian Fighter on July 6, 2018.
             Was an Initiate of Ru.
             Slain by an ogre
             ... wielding a +0 giant club
              (18 damage)
             ... on level 4 of the Dungeon.
             The game lasted 00:05:03 (2340 turns).

diana the Slasher (Draconian Fighter)               Turns: 2340, Time: 00:05:04

Health: -4/47      AC:  6    Str: 19    XL:     5   Next: 53%
Magic:  5/5        EV: 10    Int:  8    God:    Ru [......]
Gold:   68         SH:  9    Dex: 11    Spells: 4/4 levels left

rFire    . . .     SeeInvis .   a - +0 long sword
rCold    . . .     Gourm    .   b - +0 shield
rNeg     . . .     Faith    .   (armour unavailable)
rPois    .         Spirit   .   (helmet restricted)
rElec    .         Reflect  .   u - +0 cloak (curse)
rCorr    .         Harm     .   (no gloves)
MR       .....                  (no boots)
Stlth    +.........             (no amulet)
HPRegen  0.15/turn              (no ring)
MPRegen  0.09/turn              (no ring)

@: no status effects
A: unfitting armour, cold-blooded, AC +5
a: Renounce Religion


You were on level 4 of the Dungeon.
You worshipped Ru.
Ru was noncommittal.
You were not hungry.

You visited 1 branch of the dungeon, and saw 5 of its levels.

You collected 68 gold pieces.

Inventory:

Hand Weapons
 a - a +0 long sword (weapon)
Armour
 b - a +0 shield (worn)
 u - a cursed +0 cloak (worn)
Jewellery
 l - a cursed ring of loudness {unknown}
Wands
 v - a wand of flame (7)
 y - a wand of acid (9)
Scrolls
 f - 5 scrolls of identify {unknown}
 g - 2 scrolls of magic mapping {unknown}
 n - a scroll of enchant armour {unknown}
 o - a scroll of remove curse {unknown}
 p - a scroll of fear {unknown}
 q - a scroll of fog {unknown}
 r - a scroll of random uselessness {unknown}
Potions
 e - 2 potions of curing
 h - a potion of mutation {unknown}
 i - 2 potions of berserk rage {unknown}
 j - 2 potions of lignification {unknown}
 k - a potion of brilliance {unknown}
 m - a potion of haste {unknown}
 s - a potion of degeneration {unknown}
 t - a potion of cancellation {unknown}
Books
 w - a book of Minor Magic

   Spells                             Type                      Level
   a - Magic Dart                     Conjuration                  1
   b - Blink                          Translocation                2
   c - Call Imp                       Summoning                    2
   d - Slow                           Hexes                        2
   e - Conjure Flame                  Conjuration/Fire             3
   f - Mephitic Cloud                 Conjuration/Poison/Air       3
Comestibles
 d - 5 rations


   Skills:
 + Level 4.7 Fighting
 * Level 4.9 Long Blades
 - Level 2.6 Dodging
 - Level 3.0 Shields


You had 4 spell levels left.
You didn't know any spells.

Dungeon Overview and Level Annotations

Branches:
Dungeon (5/15)
 Temple: D:4-7

Altars:
Elyvilon
Kikubaaqudgha
Okawaru
Ru
Uskayaw
The Shining One


Innate Abilities, Weirdness & Mutations

Your plain brown scales are hard. (AC +5)
You cannot fit into any form of body armour.
You are cold-blooded and may be slowed by cold attacks.


Message History

You riposte.
You hit the ogre but do no damage.
There is a stone staircase leading down here.
Unknown command.
Okay, then.
You hit the iguana but do no damage. The giant cockroach bites you.
The iguana closely misses you.
You riposte.
You hit the iguana.
The iguana is moderately wounded.
The ogre barely misses you.
You hit the iguana but do no damage.
The iguana is moderately wounded.
The giant cockroach bites you but does no damage.
The iguana bites you!
* * * LOW HITPOINT WARNING * * *
You block the giant cockroach's attack. The ogre hits you but does no damage.
Unknown command.
You hit the iguana.
The iguana is heavily wounded.
You block the iguana's attack. You block the giant cockroach's attack.
The ogre hits you with a giant club!!
You die...

......# ##.#.#
......########.#.##
........$.........#
....(.########.#..###
......# #.#....#
......# #...##.#
......# ##..# #
......# #sO# #######
##@# #l# #.# #.. ###


You could see an ogre, an iguana and a giant cockroach.

Vanquished Creatures
  Crazy Yiuf (D:2)
  Ijyb (D:3)
  A worker ant (D:4)
  Robin (D:2)
  3 adders
  A gnoll (D:3)
  2 dart slugs (D:1)
  3 leopard geckos
  3 giant cockroaches
  21 goblins
  6 hobgoblins (D:2)
  8 kobolds
  A quokka (D:2)
  A ball python (D:3)
  10 bats
  6 frilled lizards
  7 rats
76 creatures vanquished.

Notes
Turn   | Place    | Note
-------+----------+-------------------------------------------
     0 | D:1      | diana the Draconian Fighter began the quest for the Orb.
     0 | D:1      | Reached XP level 1. HP: 19/19 MP: 1/1
   250 | D:1      | Reached XP level 2. HP: 26/26 MP: 2/2
   552 | D:1      | Reached XP level 3. HP: 22/33 MP: 3/3
  1165 | D:2      | Found an ancient bone altar of Kikubaaqudgha.
  1165 | D:2      | Found a hide-covered altar of Uskayaw.
  1169 | D:2      | Found a white marble altar of Elyvilon.
  1170 | D:2      | Found a glowing golden altar of the Shining One.
  1259 | D:2      | Noticed Robin
  1268 | D:2      | Reached XP level 4. HP: 35/40 MP: 4/4
  1289 | D:2      | Killed Robin
  1565 | D:2      | Found a sacrificial altar of Ru.
  1575 | D:2      | Became a worshipper of Ru the Awakened
  1621 | D:2      | Found a runed door.
  1771 | D:2      | Noticed Crazy Yiuf
  1778 | D:2      | Killed Crazy Yiuf
  2003 | D:3      | Noticed Ijyb
  2024 | D:3      | Killed Ijyb
  2024 | D:3      | Reached XP level 5. HP: 35/47 MP: 5/5
  2226 | D:4      | Noticed an ogre
  2238 | D:4      | Found an iron altar of Okawaru.
  2333 | D:5      | Entered Level 5 of the Dungeon
  2335 | D:5      | Noticed a centaur
  2340 | D:4      | Slain by an ogre

Skill      XL: |  1  2  3  4 |
---------------+-------------+-----
Long Blades    | 3 4 |  4.9
Fighting       | 4 |  4.7
Dodging        | |  2.6
Shields        | |  3.0

Action                   |  1- 3 |  4- 6 || total
-------------------------+-------+-------++-------
Melee: Long sword        |   110 |    96 ||   206
       Tailslap          |    11 |    14 ||    25
  Use: Potion            |       |     2 ||     2
 Stab: Sleeping          |     2 |     1 ||     3
  Eat: Chunk             |       |     5 ||     5
Armor: Skin              |    27 |    46 ||    73
Dodge: Dodged            |    35 |    60 ||    95
Block: Shield            |    66 |    56 ||   122
       Rpst.: Long sword |    11 |    29 ||    40
